 Dungeon Crawl Stone Soup version 0.31.0-2-g5a2aebc5c2 (webtiles) character file.

Game seed: 10938226128250075763

7371 ssalbiz the Severer (level 10, -9/88 HPs)
             Began as a Minotaur Berserker on Jan 20, 2024.
             Was a Priest of Trog.
             Mangled by a boulder beetle (20 damage)
             ... on level 9 of the Dungeon.
             The game lasted 00:17:20 (10207 turns).

ssalbiz the Severer (Minotaur Berserker)           Turns: 10207, Time: 00:17:21

Health: -9/88      AC:  4    Str: 26    XL:     10   Next: 91%
Magic:  9/9        EV: 19    Int:  4    God:    Trog [***...]
Gold:   690        SH:  0    Dex: 10    Spells: 9/9 levels left

rFire   . . .        L - +0 war axe
rCold   . . .        (no shield)
rNeg    . . .        b - +2 robe {Will+}
rPois   .            (helmet restricted)
rElec   .            (no cloak)
rCorr   .            (no gloves)
SInv    .            (no boots)
Will    ++...        (no amulet)
Stlth   +            l - ring of willpower
HPRegen 0.34/turn    F - +5 ring of evasion
MPRegen 0.11/turn

%: no passive effects
@: on berserk cooldown, slowed, very slow
A: horns 2, retaliatory headbutt
a: Renounce Religion, Berserk, Trog's Hand


You were on level 9 of the Dungeon.
You worshipped Trog.
Trog was most pleased with you.
You visited 1 branch of the dungeon, and saw 9 of its levels.
You also visited: Sewer and Ossuary.

You collected 690 gold pieces.

Inventory:

Hand Weapons
 L - a +0 war axe (weapon)
 P - a +0 morningstar
Missiles
 d - 5 poisoned darts (quivered)
 k - 2 javelins
 Q - 4 curare-tipped darts
Armour
 b - a +2 robe of willpower (worn)
Jewellery
 l - a ring of willpower (left hand)
 D - a ring of protection from fire
 F - a +5 ring of evasion (right hand)
Wands
 q - a wand of flame (29)
 M - a wand of polymorph (9)
 N - a wand of mindburst (10)
 O - a wand of roots (4)
Scrolls
 c - 2 scrolls of fog {unknown}
 e - 3 scrolls of vulnerability {unknown}
 f - 10 scrolls of identify {unknown}
 g - 3 scrolls of enchant armour {unknown}
 i - 3 scrolls of poison {unknown}
 n - 2 scrolls of brand weapon {unknown}
 o - 4 scrolls of acquirement {unknown}
 v - a scroll of revelation {unknown}
 y - 2 scrolls of enchant weapon {unknown}
 B - 3 scrolls of amnesia {unknown}
 E - 3 scrolls of teleportation {unknown}
 H - a scroll of silence {unknown}
 I - a scroll of immolation {unknown}
 J - a scroll of fear {unknown}
Potions
 a - a potion of ambrosia {unknown}
 h - 2 potions of might {unknown}
 j - 2 potions of lignification {unknown}
 m - 2 potions of brilliance {unknown}
 p - a potion of resistance {unknown}
 r - a potion of experience {unknown}
 s - 3 potions of haste {unknown}
 t - 2 potions of enlightenment {unknown}
 u - a potion of cancellation {unknown}
 w - a potion of magic {unknown}
 x - 3 potions of invisibility {unknown}
 z - 6 potions of heal wounds {unknown}
 A - 3 potions of mutation {unknown}
 C - 7 potions of curing {unknown}
 G - 3 potions of attraction {unknown}


   Skills:
 + Level 8.1 Fighting
 - Level 16.0 Axes
 + Level 7.5 Armour
 + Level 6.8 Dodging


You had 9 spell levels left.
You didn't know any spells.
Your spell library was empty.

Dungeon Overview and Level Annotations

Branches:
Dungeon (9/15)             Temple (0/1) D:6           Sewer (visited)
Ossuary (visited)
   Lair: D:8-11         Orc: D:9-12

Altars:
Ru

Shops:
D:2 *   D:7 [

Annotations:
D:7 1 runed translucent door, Crazy Yiuf
D:9 3 exclusions


Innate Abilities, Weirdness & Mutations

You have a pair of horns on your head.
You reflexively headbutt those who attack you in melee.


Message History

The bolt of acid hits the boulder beetle!
The boulder beetle is lightly wounded.
The boulder beetle bites you!
Unknown command.
Unknown command.
Aiming: Corrosive Bolt
Press: ? - help, Shift-Dir - straight line, f/p - boulder beetle
Aim: a boulder beetle (lightly wounded, 100% to hit)
The bolt of acid hits the boulder beetle.
The boulder beetle is moderately wounded.
The now-empty wand crumbles to dust.
Your skin stops crawling.
You feel less strong-willed. The boulder beetle barely misses you.
The boulder beetle bites you!!
* * * LOW HITPOINT WARNING * * *
Unknown command.
Okay, then.
Aiming: Fastroot
Press: ? - help, Shift-Dir - straight line, p - boulder beetle The roots erupt in riotous growth!
Roots grab the boulder beetle.
The grasping roots constrict the boulder beetle.
You hear a shout!
The boulder beetle completely misses you.
Unknown command.
The grasping roots constrict the boulder beetle, but do no damage.
The roots release their grip on the boulder beetle.
The boulder beetle attacks as it pursues you!
The boulder beetle barely misses you.
The boulder beetle completely misses you.
Aiming: Fastroot
Press: ? - help, Shift-Dir - straight line The roots erupt in riotous growth!
Roots grab the boulder beetle.
The grasping roots constrict the boulder beetle, but do no damage.
The boulder beetle misses you.
Unknown command.
The grasping roots constrict the boulder beetle.
The roots release their grip on the boulder beetle.
The boulder beetle bites you!!
You die...

..c #.######.## #.. #........#
#..### #.######## #..#.##
#.###### #.'..## #[[....### #
...#.#.○.# #[####...# .
...####)########[# ###.####. #..
#..)......#.## #...... #..
###...B@..'..# ####... #.#
####....#..########### #.#
..######............. #.#
.......<..........### #.#
##.#####..###....## #.#
#.##......>..##..### #.#
#.##.##.....####....
#####.########...............)))#
#...................[......####)#


You could see a boulder beetle.

Vanquished Creatures
  A centaur warrior (D:9)
  2 ugly things
  Joseph (D:7)
  A meliai (D:9)
  Jeremiah (D:6)
  Psyche (D:8)
  A troll (D:9)
  Grum (D:8)
  A basilisk (D:9)
  3 steam dragons
  An acid dragon (D:9)
  2 water moccasins (D:7)
  A black bear (D:6)
  3 orc warriors
  An ice beast (D:6)
  2 ogres
  4 wolves
  A centaur (D:8)
  2 phantoms
  2 bullfrogs (D:7)
  2 brain worms (Sewer)
  2 scorpions
  15 wights
  2 killer bees (D:9)
  4 howler monkeys
  4 hounds
  A bombardier beetle (D:4)
  2 jellies (D:6)
  3 orc priests
  3 iguanas
  A sleepcap (D:6)
  9 orc wizards
  8 mummies (Ossuary)
  Robin (D:2)
  7 gnolls
  17 adders
  A river rat (D:3)
  3 dart slugs
  41 orcs
  4 bats
  10 endoplasms
  15 giant cockroaches
  4 gnoll zombies (Ossuary)
  20 goblins
  7 hobgoblins
  3 jackals (D:1)
  10 kobolds
  4 quokkas (D:1)
  14 ball pythons
  8 frilled lizards
  A hobgoblin zombie (Ossuary)
  2 kobold zombies (Ossuary)
  An orc zombie (Ossuary)
  5 rats
266 creatures vanquished.

Notes
Turn   | Place    | Note
-------+----------+-------------------------------------------
     0 | D:1      | ssalbiz the Minotaur Berserker began the quest for the Orb.
     0 | D:1      | Reached XP level 1. HP: 19/19 MP: 0/0
    33 | D:1      | Reached skill level 4 in Axes
    79 | D:1      | Reached XP level 2. HP: 8/26 MP: 1/1
   449 | D:1      | Reached skill level 5 in Axes
   536 | D:1      | Found a faded altar of an unknown god.
   538 | D:1      | Reached XP level 3. HP: 31/31 MP: 2/2
   703 | D:1      | Reached ** piety under Trog
  1091 | D:2      | Noticed Robin
  1248 | D:2      | Killed Robin
  1249 | D:2      | Reached skill level 6 in Axes
  1249 | D:2      | Reached XP level 4. HP: 37/39 MP: 3/3
  1901 | D:2      | Found Wusa's Assorted Antiques.
  1935 | D:2      | Reached XP level 5. HP: 41/45 MP: 4/4
  2099 | D:3      | Reached skill level 7 in Axes
  2137 | D:3      | Reached *** piety under Trog
  2198 | D:3      | Found a glowing drain.
  2234 | Sewer    | Entered a sewer
  2462 | Sewer    | Reached skill level 8 in Axes
  2570 | Sewer    | Reached XP level 6. HP: 51/51 MP: 5/5
  3459 | D:4      | Reached skill level 9 in Axes
  3670 | D:4      | Reached **** piety under Trog
  3737 | D:4      | Reached XP level 7. HP: 35/57 MP: 6/6
  4156 | D:4      | Reached skill level 10 in Axes
  4192 | D:5      | Entered Level 5 of the Dungeon
  4567 | D:5      | Reached skill level 11 in Axes
  5263 | D:6      | Noticed Jeremiah
  5329 | D:6      | Reached XP level 8. HP: 58/64 MP: 7/7
  5390 | D:6      | Found a staircase to the Ecumenical Temple.
  5404 | D:6      | Reached skill level 12 in Axes
  5728 | D:6      | Found a sacrificial altar of Ru.
  5868 | D:6      | Reached skill level 13 in Axes
  6090 | D:6      | Killed Jeremiah
  6091 | D:6      | Reached skill level 14 in Axes
  6230 | D:7      | Reached XP level 9. HP: 22/71 MP: 8/8
  6604 | D:7      | Identified the +5 hammer of Tihowkal {vamp, Will+ Stlth+}
  6699 | D:7      | Found a sand-covered staircase.
  6708 | Ossuary  | Entered an ossuary
  6746 | Ossuary  | Reached skill level 5 in Fighting
  7094 | D:7      | Found a runed translucent door.
  7095 | D:7      | Noticed Crazy Yiuf
  7324 | D:7      | Found Angamoppoiqe's Antique Armour Emporium.
  7337 | D:7      | Reached skill level 5 in Armour
  7369 | D:7      | Noticed Joseph
  7387 | D:7      | Killed Joseph
  7817 | D:8      | Reached skill level 15 in Axes
  7945 | D:8      | Noticed Grum
  8089 | D:7      | Reached XP level 10. HP: 40/83 MP: 9/9
  8226 | D:8      | Killed Grum
  8232 | D:8      | Noticed Psyche
  9182 | D:8      | Killed Psyche
  9183 | D:8      | Reached skill level 16 in Axes
  9533 | D:9      | Reached skill level 5 in Dodging
 10000 | D:9      | Noticed a purple ugly thing
 10001 | D:9      | Noticed a centaur warrior
 10013 | D:8      | Killed a purple ugly thing
 10172 | D:9      | Noticed a red ugly thing
 10172 | D:9      | Noticed a meliai
 10172 | D:9      | Noticed a centaur warrior
 10180 | D:9      | Killed a meliai
 10187 | D:9      | Noticed a boulder beetle
 10187 | D:9      | Killed a red ugly thing
 10194 | D:9      | Killed a centaur warrior
 10207 | D:9      | Mangled by a boulder beetle

Illustrated notes

Levels and vault maps discovered:
D:1:      onia_arrival_pentagram, layout_basic,
          shapermc_ecumenical_altar_notcrosses
D:2:      minmay_roachtagon, layout_basic, serial_shops, shop, serial_curves,
          eino_curves_01, eino_curves_04, eino_curves_02, eino_curves_03,
          serial_bayou_crossing, uniq_robin
D:3:      layout_loops_ring, portal_sewer_entry_c, nrook_loot_triangle,
          minmay_misc_feat_encased
D:4:      layout_basic, serial_bayou_lagoon_b
D:5:      layout_layer_cave
D:6:      layout_basic, nicolae_ru_sacrificial_ziggurat,
          minmay_temple_entry_sparse_star, uniq_jeremiah
D:7:      layout_loops_corners, serial_shops, shop,
          lightli_ossuary_entry_decrepit_ruins, uniq_crazy_yiuf_cottage,
          uniq_joseph
D:8:      layout_basic, uniq_psyche, uniq_grum
D:9:      minmay_sliced_demisemicircle, layout_rooms, serial_shops, shop,
          serial_bayou_lake_a

Skill      XL: |  1  2  3  4  5  6  7  8  9 10 |
---------------+-------------------------------+-----
Axes           | 4 5 6 8 9 11 14 15 16 | 16.0
Fighting       | 4 5 8 |  8.1
Armour         | 3 5 7 |  7.5
Dodging        | 4 6 |  6.8

Action                     |  1- 3 |  4- 6 |  7- 9 | 10-12 || total
---------------------------+-------+-------+-------+-------++-------
  Melee: Hand axe          |    77 |   175 |   276 |       ||   528
         Headbutt          |     9 |    27 |    62 |    24 ||   122
         Punch             |       |     3 |     8 |       ||    11
         War axe           |       |       |    46 |   100 ||   146
  Throw: Dart              |       |       |       |     1 ||     1
 Invoke: Berserk           |     1 |     5 |    13 |     9 ||    28
         Trog's Hand       |       |       |     4 |     3 ||     7
  Evoke: Wand              |       |       |       |    11 ||    11
   Stab: Sleeping          |       |     2 |       |       ||     2
 Armour: Animal skin       |    65 |    84 |    35 |       ||   184
         Steam dragon scal |       |       |    23 |       ||    23
         Robe              |       |       |    65 |    48 ||   113
  Dodge: Dodged            |    60 |    89 |   172 |    72 ||   393
